[Event "44th Chess Olympiad Women 2022"]
[Site "Chennai"]
[Date "2022.07.30"]
[Round "2.22"]
[White "Mrvova, Alena"]
[Black "Acevedo Mendez, Lisseth"]
[Result "1-0"]
[ECO "A05"]
[WhiteElo "2165"]
[BlackElo "1784"]
[Annotator "TA"]
[PlyCount "69"]
[EventDate "2022.07.29"]
[EventType "team-tourn"]
[EventCountry "IND"]
[SourceTitle "playchess.com"]
[Source "ChessBase"]
[SourceQuality "1"]
[WhiteTeam "Slovakia"]
[BlackTeam "Iceland"]
[WhiteTeamCountry "SVK"]
[BlackTeamCountry "ISL"]
[TimeControl "40/5400+30:1800+30"]

1. Nf3 Nf6 2. g3 g6 3. Bg2 Bg7 4. O-O O-O 5. Re1 d6 6. e4 c5 7. d3 Nc6 8. Nbd2 h6 {[%emt 0:03:26] A05: Réti Opening: 1 Nf3 Nf6.} 9. a4 Be6 10. Nc4 d5 {[%emt 0:04:20] The position is equal.} 11. exd5 Nxd5 12. Nfe5 Nxe5 13. Nxe5 Qc7 $2 {[%emt 0:00:20][%mdl 8192] [#]} (13... Kh7 $14) 14. Nxg6 $1 $18 {[%emt 0:00:43][%mdl 512] [#] And now Bxd5 would win.} Rfe8 $146 (14... Rfd8 15. Nf4) ({Predecessor:} 14... Rfd8 15. Qe2 Nb4 16. Nf4 Bf5 17. Be4 Bxe4 18. dxe4 c4 19. Nh5 Bf8 20. Bf4 Qc5 {0-1 (80) Radice,M (1913)-Baltzopoulos,G (1957) Napoli 2013}) 15. Nf4 Nxf4 16. Bxf4 Qd7 17. Qh5 {[%emt 0:01:59][%csl LRc5,LRh6] Prevents Bd5.} Bg4 18. Qh4 (18. Qxc5 $6 Rac8 19. Qxa7 Rxc2 $18) 18... Kh7 $2 {[%emt 0:07:00] [#]} (18... h5 19. h3 e5) 19. h3 (19. Re5 $142 $1 ) 19... Bf5 20. g4 Bg6 {[%emt 0:04:29] [#]} 21. Bxh6 Bxh6 $16 22. g5 {[%emt 0:00:04][%mdl 64] Inhibits f6. Pin} Rh8 23. gxh6 ({Wrong is} 23. Qxh6+ $2 Kg8 24. Qxh8+ Kxh8 $19) 23... Rae8 24. Re5 b6 25. Rae1 e6 26. Rg5 Rhg8 27. Rg3 (27. Be4 $16) 27... Qe7 (27... Qd4 $14 28. Qxd4 cxd4) 28. Qf4 Rd8 (28... e5 $16 29. Qc4 Kxh6) 29. Be4 $18 Rde8 30. h4 f5 $2 (30... Bxe4 {is tougher.} 31. Rxe4 (31. Qxe4+ f5 $16) (31. dxe4 e5 $16) 31... Rxg3+ 32. fxg3 f5) 31. Bc6 $2 (31. h5 Qf7 32. hxg6+ Rxg6 33. Kg2 $1) 31... Rc8 (31... Ref8 $142 32. Bf3 Be8) 32. Bd5 Bf7 (32... Qc7 33. Qxc7+ Rxc7) 33. Qxf5+ Kxh6 34. Bxe6 (34. Rxe6+ $142 Bxe6 35. Qf4+ (35. Bxe6 Rcf8 $16) 35... Rg5 36. Bxe6 Rf8 37. hxg5+ Kg6 38. Qe4+ Kg7 39. Qe5+ Kg6 {[#]} 40. Bf5+ $1 Rxf5 41. Qxe7) 34... Rce8 35. Qf4+ {[%emt 0:00:22] Weighted Error Value: White=0.51/Black=1.01} 1-0

[Event "44th Chess Olympiad Women 2022"]
[Site "Chennai"]
[Date "2022.07.30"]
[Round "2.22"]
[White "Ptacnikova, Lenka"]
[Black "Borosova, Zuzana"]
[Result "1/2-1/2"]
[ECO "A07"]
[WhiteElo "2066"]
[BlackElo "2277"]
[Annotator "TA"]
[PlyCount "64"]
[EventDate "2022.07.29"]
[EventType "team-tourn"]
[EventCountry "IND"]
[SourceTitle "playchess.com"]
[Source "ChessBase"]
[SourceQuality "1"]
[WhiteTeam "Iceland"]
[BlackTeam "Slovakia"]
[WhiteTeamCountry "ISL"]
[BlackTeamCountry "SVK"]
[TimeControl "40/5400+30:1800+30"]

1. Nf3 d5 2. g3 c6 3. Bg2 Bg4 4. h3 Bh5 5. O-O Nd7 6. d3 e6 {[%emt 0:10:51] A07: Réti Opening: New York and Capablanca Systems.} 7. Qe1 Bd6 8. e4 Ne7 9. e5 Bc7 10. d4 c5 {[%emt 0:03:33] [#]} 11. Be3 $146 (11. c3 $15) ({Predecessor:} 11. c3 O-O 12. b4 cxd4 13. cxd4 Bg6 14. Qd1 h6 15. Bb2 Nb6 16. Nbd2 Rc8 17. Rc1 {½-½ (35) Radulovic,B (2273)-Pucovski,M (2318) Croatia 2015}) 11... Bxf3 $17 12. Bxf3 cxd4 13. Bxd4 Nc6 14. Be3 Ndxe5 15. Bg2 O-O 16. b3 {[%emt 0:08:16] Prevents Nc4.} Bb6 17. Bxb6 Qxb6 18. c3 Rad8 19. Kh2 Qc5 20. a4 d4 21. b4 {[%emt 0:02:20] [#]} Qd6 22. b5 {[%emt 0:03:33] [#]} Na5 23. cxd4 Nec4 {[%emt 0:06:34] Pair of Knights!} (23... Qxd4 $17 24. Ra2 b6) 24. Na3 $1 $11 b6 25. Nc2 Rd7 26. Qc3 Rfd8 27. Rfe1 Rc7 (27... Qc7 $11) 28. Rad1 Na3 29. Qxa3 Rxc2 {[%emt 0:00:06] The position is equal.} 30. Qf3 Rc4 31. d5 {[%emt 0:00:07] dxe6 is the strong threat.} e5 32. Qf5 f6 {[%emt 0:00:38] And White is the lucky defender.  Weighted Error Value: White=0.13 (very precise) /Black=0.14 (very precise)} 1/2-1/2

[Event "44th Chess Olympiad Women 2022"]
[Site "Chennai"]
[Date "2022.07.30"]
[Round "2.22"]
[White "Thorsteinsdottir, Hallgerdur"]
[Black "Sucikova, Svetlana"]
[Result "0-1"]
[ECO "B12"]
[WhiteElo "1934"]
[BlackElo "2188"]
[Annotator "TA"]
[PlyCount "68"]
[EventDate "2022.07.29"]
[EventType "team-tourn"]
[EventCountry "IND"]
[SourceTitle "playchess.com"]
[Source "ChessBase"]
[SourceQuality "1"]
[WhiteTeam "Iceland"]
[BlackTeam "Slovakia"]
[WhiteTeamCountry "ISL"]
[BlackTeamCountry "SVK"]
[TimeControl "40/5400+30:1800+30"]

1. e4 c6 2. d4 d5 3. e5 Bf5 4. Nf3 e6 5. Be2 Nd7 6. O-O Ne7 7. a4 {[%emt 0:02:05] B12: Caro-Kann: Advance Variation.} c5 8. c4 a6 {[%emt 0:14:02] [#]} 9. Nc3 $146 (9. cxd5 $14 Nxd5 10. Nc3) ({Predecessor:} 9. dxc5 Nxc5 10. b4 Nd7 11. Bb2 dxc4 12. Na3 Nd5 13. Nxc4 Be7 14. Nd4 Bg6 15. f4 {1-0 (26) Barahona,C (2097)-Principe,G Lima 2007}) 9... dxc4 10. dxc5 (10. d5 $11) 10... Nc6 $17 11. Bf4 Nxc5 12. Bxc4 Be7 13. Qe2 Nd4 $2 {[%emt 0:14:02] [#]} (13... O-O $17 {and life is bright.}) 14. Qd1 $2 (14. Nxd4 $1 $16 {is necessary to keep the advantage.} Qxd4 15. Be3) 14... Nxf3+ 15. Qxf3 Qb6 16. Qe2 O-O 17. Be3 Qc6 18. b4 Nd7 19. b5 Qc7 20. bxa6 bxa6 21. f4 (21. Bd4 $142) 21... Rfc8 22. Bxa6 ({Not} 22. Rad1 $2 Qxc4 23. Rxd7 Qxc3 $19) 22... Rxa6 ({But not} 22... Qxc3 23. Rfc1 Qxa1 24. Rxa1 $18) 23. Qxa6 {[%emt 0:01:55] aiming for Nb5.} Qxc3 24. Rfe1 Bd3 $36 {[%emt 0:04:04][%cal Bf5d3,Bd3e4,Be4d5][%mdl 2080] Keeping White busy. Black is more active.} 25. Qb7 Rc7 26. Qa8+ {[%emt 0:00:40] [#]} (26. Qf3 $17 {is a better defense.}) 26... Nf8 $1 $19 27. Qb8 $2 (27. Qf3 $17) 27... Be4 28. Rac1 $2 {[%emt 0:01:13] [#]} (28. Qb5) 28... Qxe3+ $3 {[%emt 0:00:16][%mdl 512] Black is clearly winning.} 29. Rxe3 Rxc1+ 30. Kf2 Bc5 31. Qb3 Bd5 {[%emt 0:03:11] This bishop pair is nice.} 32. Qb2 Rc4 33. Ke2 Rxf4 {[%emt 0:01:31] ...Bc4+ is the strong threat.} 34. a5 Bc4+ {[%emt 0:00:30] Weighted Error Value: White=0.60/Black=0.16 (very precise)} 0-1

[Event "44th Chess Olympiad Women 2022"]
[Site "Chennai"]
[Date "2022.07.30"]
[Round "2.23"]
[White "Movsesian, Julia"]
[Black "Mezioud, Amina"]
[Result "1-0"]
[ECO "B23"]
[WhiteElo "2291"]
[BlackElo "2024"]
[Annotator "TA"]
[PlyCount "63"]
[EventDate "2022.07.29"]
[EventType "team-tourn"]
[EventCountry "IND"]
[SourceTitle "playchess.com"]
[Source "ChessBase"]
[SourceQuality "1"]
[WhiteTeam "Czech Republic"]
[BlackTeam "Algeria"]
[WhiteTeamCountry "CZE"]
[BlackTeamCountry "ALG"]
[TimeControl "40/5400+30:1800+30"]

1. e4 c5 2. Nc3 e6 3. Nge2 a6 4. g3 b5 5. Bg2 Bb7 6. d4 {[%emt 0:00:29] B23: Closed Sicilian: Lines without g3.} c4 {[%emt 0:05:04] [#]} (6... cxd4 $11 {keeps the balance.} 7. Nxd4 b4) 7. O-O $146 ({Predecessor:} 7. a3 Be7 8. O-O f5 9. exf5 Bxg2 10. Kxg2 exf5 11. d5 Bd6 12. Re1 Kf8 13. Nd4 Qf6 {1-0 (33) Ramien,D (2043)-Rausch,A (1979) Willingen 2015}) 7... d6 8. Re1 {[%emt 0:04:43] White is better.} Nd7 9. Nf4 b4 (9... g6 $142) 10. Na4 Qa5 {[%emt 0:02:16] [#]} (10... h5 $16) 11. b3 $1 $18 Qc7 12. bxc4 Qxc4 13. Nb2 Qc7 14. Nbd3 (14. Bd2 $18) 14... Ngf6 15. a3 (15. Nxb4 Rb8 16. Rb1 Be7 $16) 15... bxa3 (15... Be7 $16 16. e5 (16. axb4 g5 $16) (16. Nxb4 O-O $14) 16... dxe5) 16. Bxa3 g5 17. Nh5 h6 (17... Nxh5 {was called for.} 18. Qxh5 h6) 18. Rb1 Nxh5 19. Qxh5 e5 20. Bh3 Bc8 21. Qf3 (21. Be6 Nf6 22. Qf3 fxe6 $16) 21... Bg7 22. Nb4 {[%emt 0:01:35] Hoping for Nd5.} Nb6 23. Bxc8 {[%emt 0:02:44] White is more active.} Qxc8 (23... Rxc8 $16 24. dxe5 (24. Nxa6 Qd8 $16) 24... Bxe5) 24. Nd5 Nc4 25. Nb6 Nxb6 26. Rxb6 Rb8 27. Rxd6 (27. Reb1 $142 Rxb6 28. Rxb6) 27... exd4 28. Rd5 {[%emt 0:02:56] Threatens to win with Bd6.} Qxc2 $2 {[%emt 0:00:48][%mdl 8192] This costs Black the game.} (28... Qc3 $16 29. Qxc3 dxc3) 29. Qf5 Qc8 {[%emt 0:01:00] [#] Prevents Qd7+.} 30. Re5+ $1 {[%emt 0:00:24][%mdl 512] White mates.} Bxe5 (30... Kd8 31. Be7+) 31. Qxe5+ Kd7 32. Qd6+ {[%emt 0:00:09] Weighted Error Value: White=0.26 (precise) /Black=0.56} 1-0

[Event "44th Chess Olympiad Women 2022"]
[Site "Chennai"]
[Date "2022.07.30"]
[Round "2.23"]
[White "Petrova, Kristyna"]
[Black "Abdi, Zineb Dina"]
[Result "1/2-1/2"]
[ECO "A29"]
[WhiteElo "2238"]
[BlackElo "1899"]
[Annotator "TA"]
[PlyCount "73"]
[EventDate "2022.07.29"]
[EventType "team-tourn"]
[EventCountry "IND"]
[SourceTitle "playchess.com"]
[Source "ChessBase"]
[SourceQuality "1"]
[WhiteTeam "Czech Republic"]
[BlackTeam "Algeria"]
[WhiteTeamCountry "CZE"]
[BlackTeamCountry "ALG"]
[TimeControl "40/5400+30:1800+30"]

1. c4 Nf6 2. Nc3 e5 3. g3 d5 4. cxd5 Nxd5 5. Bg2 Nb6 6. Nf3 Nc6 7. O-O Be7 8. Rb1 a5 9. d3 O-O 10. Be3 Be6 11. a3 Nd5 {[%emt 0:04:45] A29: English Opening: Four Knights Variation with 4 g3.} 12. Nxd5 Bxd5 13. Qa4 f6 14. Rfc1 {[%emt 0:02:50] [#]} Qd7 $146 ({Predecessor:} 14... Qd6 15. Qb5 Rfd8 16. Bc5 Qd7 17. e4 Be6 18. Bxe7 Nxe7 19. Qxb7 c5 20. Qb6 Rdb8 21. Qxc5 {1-0 (35) Tari,A (2584)-Grover,S (2467) Chess.com INT 2017}) 15. Nd2 Bxg2 16. Kxg2 {[%emt 0:00:03] [#] Qb3+ is the strong threat.} Qd5+ 17. Nf3 {[%emt 0:05:39] The position is equal.} Rfd8 18. Qc4 Qxc4 19. Rxc4 Rd7 20. Rbc1 Bd6 21. Nd2 Nd8 22. Ne4 Ne6 23. Nxd6 Rxd6 24. f4 exf4 25. Bxf4 Nxf4+ 26. gxf4 $11 {[%emt 0:00:06][%mdl 4096] Endgame KRR-KRR} c6 27. Re4 Kf7 {[%emt 0:00:44] Against Re7+} 28. Rcc4 Rad8 29. Ra4 Rd5 30. b4 f5 31. Re5 Rxe5 32. fxe5 axb4 33. Rxb4 {[%emt 0:00:05] KR-KR} Rd7 34. Kf3 Ke6 35. Kf4 h6 36. h4 {[%emt 0:00:04] Against g5+} g5+ 37. hxg5 {[%emt 0:00:03] An even fight not without its subleties.  Weighted Error Value: White=0.03 (flawless) /Black=0.03 (flawless)} 1/2-1/2

[Event "44th Chess Olympiad Women 2022"]
[Site "Chennai"]
[Date "2022.07.30"]
[Round "2.23"]
[White "Nassr, Lina"]
[Black "Pilsova, Karolina"]
[Result "1/2-1/2"]
[ECO "D04"]
[WhiteElo "2011"]
[BlackElo "2230"]
[Annotator "TA"]
[PlyCount "60"]
[EventDate "2022.07.29"]
[EventType "team-tourn"]
[EventCountry "IND"]
[SourceTitle "playchess.com"]
[Source "ChessBase"]
[SourceQuality "1"]
[WhiteTeam "Algeria"]
[BlackTeam "Czech Republic"]
[WhiteTeamCountry "ALG"]
[BlackTeamCountry "CZE"]
[TimeControl "40/5400+30:1800+30"]

1. d4 Nf6 2. Nf3 d5 3. e3 Bf5 4. Bd3 Bxd3 5. cxd3 e6 6. Nc3 {[%emt 0:02:58] D04: Colle System.} Be7 7. e4 O-O 8. O-O c5 9. dxc5 Bxc5 10. Bg5 {[%emt 0:07:35] [#] And now e5 would win.} Be7 11. Qb3 {[%emt 0:08:33] [#]} Nbd7 $146 ({Predecessor:} 11... b6 12. Rac1 Na6 13. e5 Nc5 14. Qc2 Ne8 15. Bxe7 Qxe7 16. d4 Nd7 17. Nb5 a6 {1-0 (62) Mestrovic,Z (2397)-Gombac,J (2290) Zadar 2003}) 12. Bxf6 ({Much worse is} 12. Qxb7 Rb8 13. Qxa7 Nc5 $15) 12... Bxf6 13. exd5 Nc5 14. Qb5 Bxc3 15. Qxc5 Bxb2 {[%emt 0:01:17] [#] White must now prevent ...b6.} 16. Rab1 Bf6 17. dxe6 (17. Rxb7 {with more complications.} Rc8 18. Qb5 a6 19. Qd7) 17... fxe6 18. Rxb7 (18. Qc4 {seems wilder.} Qd7 19. Rfe1 Rfe8 20. Qb3) 18... Qxd3 19. Rxa7 Rxa7 (19... Qd5 $5 20. Qc7 Rxa7 21. Qxa7 e5 $11) 20. Qxa7 Qd5 21. Rb1 Ra8 {[%emt 0:03:03] The position is equal.} 22. Qb7 Qxa2 23. h3 Rd8 24. Re1 Qd5 25. Qc7 Qd6 26. Qc4 Qd5 27. Qc7 Qd6 28. Qc4 Qd5 29. Qc7 Qd6 30. Qc4 Qd5 {[%emt 0:00:05] Weighted Error Value: White=0.03 (flawless) /Black=0.04 (flawless)} 1/2-1/2

[Event "44th Chess Olympiad Women 2022"]
[Site "Chennai"]
[Date "2022.07.30"]
[Round "2.23"]
[White "Nassr, Rania"]
[Black "Koubova, Anna Marie"]
[Result "1/2-1/2"]
[ECO "A47"]
[WhiteElo "1737"]
[BlackElo "2115"]
[Annotator "TA"]
[PlyCount "87"]
[EventDate "2022.07.29"]
[EventType "team-tourn"]
[EventCountry "IND"]
[SourceTitle "playchess.com"]
[Source "ChessBase"]
[SourceQuality "1"]
[WhiteTeam "Algeria"]
[BlackTeam "Czech Republic"]
[WhiteTeamCountry "ALG"]
[BlackTeamCountry "CZE"]
[TimeControl "40/5400+30:1800+30"]

1. Nf3 Nf6 2. d4 e6 3. g3 b6 4. Bg2 Bb7 5. O-O c5 6. e3 Be7 7. b3 O-O {[%emt 0:01:16] A47: 1 d4 Nf6 2 Nf3 b6: Torre, London and Colle Systems.} 8. Bb2 cxd4 9. exd4 d5 10. Ne5 Nbd7 11. c4 Qc7 12. Nc3 dxc4 {[%emt 0:03:52] [#]} ({Resist} 12... Nxe5 13. dxe5 (13. Nb5 Nf3+ 14. Qxf3 Qd7 $15) 13... Ne4 {[#]} 14. Nxd5 $1 exd5 15. cxd5 $16) 13. Nxc4 $146 ({Predecessor:} 13. Bxb7 Qxb7 14. bxc4 Nxe5 15. dxe5 Rfd8 16. Qe2 Nd7 17. Nb5 Nc5 18. f3 Nd3 19. Bd4 {½-½ (61) Seidens,U (2225)-Schuster,M Germany 1997}) 13... Bxg2 14. Kxg2 b5 15. Nd2 Nb6 16. Rc1 Qd7 17. Nce4 Rfd8 18. Qf3 Rac8 19. Rfd1 Qd5 20. Nc3 Qxf3+ 21. Nxf3 a6 22. Ne5 h6 23. h3 Rc7 24. Ne2 Rdc8 {[%emt 0:02:14] [#] Hoping for ...Rc2.} 25. Rxc7 {[%emt 0:00:11] The position is equal.} Rxc7 26. Rc1 {[%emt 0:00:11] Prevents Rc2.} Rxc1 27. Nxc1 Nfd7 28. Nc6 Bd6 29. Nd3 Nd5 30. Nce5 Nxe5 31. dxe5 $11 {[%emt 0:00:02][%mdl 4096] Endgame KBN-KBN} Be7 32. Bd4 Kf8 33. Kf3 Ke8 34. a4 Nb4 35. Nxb4 Bxb4 36. axb5 axb5 {[%emt 0:00:05] KB-KB} 37. Ke4 Kd7 38. f4 Kc6 39. g4 Bc5 40. Bc3 g6 41. b4 Be7 42. Bd2 h5 43. g5 Bd8 44. Bc3 {[%emt 0:00:00] Weighted Error Value: White=0.06 (flawless) /Black=0.05 (flawless)} 1/2-1/2

[Event "44th Chess Olympiad Women 2022"]
[Site "Chennai"]
[Date "2022.07.30"]
[Round "2.24"]
[White "Nguyen, Thi Mai Hung"]
[Black "Diaz Charpentier, Kristel Meliss"]
[Result "1/2-1/2"]
[ECO "E14"]
[WhiteElo "2223"]
[BlackElo "1989"]
[Annotator "TA"]
[PlyCount "104"]
[EventDate "2022.07.29"]
[EventType "team-tourn"]
[EventCountry "IND"]
[SourceTitle "playchess.com"]
[Source "ChessBase"]
[SourceQuality "1"]
[WhiteTeam "Vietnam"]
[BlackTeam "Costa Rica"]
[WhiteTeamCountry "VIE"]
[BlackTeamCountry "CRI"]
[TimeControl "40/5400+30:1800+30"]

1. d4 Nf6 2. Nf3 e6 3. e3 c5 4. Bd3 b6 5. O-O Bb7 6. c4 Be7 7. Nc3 cxd4 8. exd4 d5 9. Qe2 Nc6 10. cxd5 Nxd5 11. Rd1 O-O 12. Nxd5 Qxd5 13. Be4 {[%emt 0:03:35] E14: Queen's Indian: Classical Variation (4 e3).} Qh5 14. Bf4 Rfd8 (14... Rad8 $11) 15. Qe3 {[%emt 0:04:21] [#]} ({White should try} 15. Rac1 $14 Rac8 16. h3) 15... Qb5 $146 {[%emt 0:15:39] [#]} (15... Rac8 $11 {keeps the balance.}) ({Predecessor:} 15... Rac8 16. Rac1 Na5 17. Bxb7 Nxb7 18. Bc7 Re8 19. Be5 Na5 20. Qe4 Qg6 21. Qxg6 hxg6 {½-½ (33) Futida,S (2137)-Cade,S (2041) IECC email 2005}) 16. Rac1 (16. Ng5 $1 $16) 16... Rac8 $1 $11 17. b3 (17. d5 $5 Bc5 18. Bxh7+ Kxh7 19. Ng5+ Kg8 20. Qh3 Rxd5 21. Rxd5 (21. Qh7+ Kf8 $15) 21... Bxf2+ 22. Kxf2 Qxd5 23. Qh7+ Kf8 24. Qh8+ Ke7 25. Qxg7 $15) 17... Na5 18. Bd3 Qd5 19. h3 Ba3 20. Rxc8 Rxc8 21. Be5 h6 22. Bb1 Bd6 23. Qd3 {[%emt 0:03:27] [#] Black must now prevent Qh7+.} Bxe5 (23... f5 {seems wilder.} 24. Qe3 Bxe5 25. Qxe5 Qxe5 26. Nxe5 Nc6) 24. dxe5 {[%emt 0:00:43] Threatens to win with Qh7+.} Qxd3 25. Bxd3 Bxf3 26. gxf3 {[%emt 0:00:02][%mdl 4096] Endgame KRB-KRN} Nc6 27. f4 (27. Rc1 $11 Rd8 28. Rxc6 Rxd3 29. Rc8+ Kh7 30. Rc7) 27... Nb4 (27... Rd8 $15) 28. Bc4 {[%emt 0:00:19][%cal Of4f5] The position is equal.} a6 29. a3 b5 $1 30. Bxe6 fxe6 31. axb4 {[%emt 0:00:03] KR-KR} Rc3 32. Rd6 Rxb3 33. Rxe6 Rxb4 34. Rxa6 Rxf4 35. Rb6 b4 36. Kg2 Re4 37. Rb5 Kf7 38. f3 Rc4 39. Rb6 h5 40. Kf2 h4 41. Ke3 Rc3+ 42. Kf4 b3 43. Kg4 g5 44. Kxg5 Rxf3 45. Kxh4 Re3 46. Kg4 Rxe5 47. Rxb3 Kg6 48. Rb6+ Kg7 49. h4 Ra5 50. Rb4 Kh6 51. Rc4 Rb5 52. h5 Rg5+ {[%emt 0:00:00] Weighted Error Value: White=0.13 (very precise) /Black=0.14 (very precise)} 1/2-1/2

[Event "44th Chess Olympiad Women 2022"]
[Site "Chennai"]
[Date "2022.07.30"]
[Round "2.24"]
[White "Rodriguez Arrieta, Maria Elena"]
[Black "Bach, Ngoc Thuy Duong"]
[Result "0-1"]
[ECO "B51"]
[WhiteElo "1849"]
[BlackElo "2192"]
[Annotator "TA"]
[PlyCount "86"]
[EventDate "2022.07.29"]
[EventType "team-tourn"]
[EventCountry "IND"]
[SourceTitle "playchess.com"]
[Source "ChessBase"]
[SourceQuality "1"]
[WhiteTeam "Costa Rica"]
[BlackTeam "Vietnam"]
[WhiteTeamCountry "CRI"]
[BlackTeamCountry "VIE"]
[TimeControl "40/5400+30:1800+30"]

1. e4 {[%emt 0:00:41] Ponomariov,R} c5 2. Nf3 d6 3. Bb5+ Nc6 4. O-O Bd7 5. Re1 Nf6 6. c3 a6 7. Bf1 Bg4 8. h3 Bxf3 9. Qxf3 g6 {[%emt 0:00:14] 9...e6 is more advanced technology.} 10. d3 Bg7 11. Be3 Nd7 {[%emt 0:00:43][%cal Bf6d7,Bd7b6,Bb6a4][%mdl 32] B51: Sicilian: Moscow Variation (3 Bb5+) without 3...Bd7.} 12. Nd2 O-O 13. Qd1 b5 {[%emt 0:12:46] White is slightly better.} 14. Nf3 Nb6 15. d4 Na4 16. Re2 Qa5 17. Rc1 {[%emt 0:01:47] [#]} Rfd8 $146 ({Predecessor:} 17... Rad8 18. Rec2 Qc7 19. b3 Nb6 20. a4 bxa4 21. bxa4 c4 22. a5 Nxa5 23. Ra1 Nb3 24. Rxa6 {1-0 (36) Ponomariov,R (2726)-Caruana,F (2775) Dortmund 2012 CBM 150 [Ponomariov,R]}) 18. Rec2 b4 (18... Qc7 $142) 19. cxb4 $1 $16 Nxb4 (19... Qxb4 $16 20. Bd2 (20. dxc5 dxc5 21. Bd2 Qb6 $16) 20... Qb7) 20. Rd2 $1 $18 Nc6 21. b3 $2 (21. a3 $1 $18) 21... Nc3 $15 22. Qc2 cxd4 {[%emt 0:00:21] 0x0.0024d816c132dp-1022s more active pieces.} 23. Nxd4 Nxd4 24. Bxd4 {[%emt 0:00:12] [#]} Nxe4 25. Rdd1 Bxd4 26. Rxd4 d5 27. b4 ({White should try} 27. Bd3) 27... Qb6 28. Rcd1 (28. Qb2 $17 {is a better defense.}) 28... e6 29. a4 Rdc8 30. Qb2 Nc3 31. R1d3 Nxa4 32. Qa1 {[%emt 0:00:27] [#]} Qc6 33. Ra3 {[%emt 0:02:04] [#]} Nc3 34. Rxa6 Rxa6 35. Qxa6 Qxa6 36. Bxa6 $19 {[%emt 0:00:05][%mdl 4096] Endgame KRB-KRN} Ra8 37. Bf1 Ra1 {[%emt 0:00:38] White must now prevent ...Ne2+.} 38. Rd2 {[%emt 0:00:10] Against Ne2+} Rb1 {[%emt 0:00:15] Inhibits Rb2.} 39. Rc2 d4 {[%emt 0:04:59][%cal Bd5d4,Bd4d3][%mdl 32] aiming for ...Ne4.} 40. f4 Kg7 {[%emt 0:04:33] Threatens to win with ...Ne4.} 41. b5 (41. Rd2 {keeps fighting.}) 41... Nd5 42. g3 $2 (42. Rf2) 42... Ne3 43. Rf2 d3 {[%emt 0:00:10] Quite a comeback for Black.  Weighted Error Value: White=0.48/Black=0.19 (very precise)} 0-1

[Event "44th Chess Olympiad Women 2022"]
[Site "Chennai"]
[Date "2022.07.30"]
[Round "2.25"]
[White "Brunello, Marina"]
[Black "Sultana, Sharmin Shirin"]
[Result "1-0"]
[ECO "C42"]
[WhiteElo "2341"]
[BlackElo "1995"]
[Annotator "TA"]
[PlyCount "119"]
[EventDate "2022.07.29"]
[EventType "team-tourn"]
[EventCountry "IND"]
[SourceTitle "playchess.com"]
[Source "ChessBase"]
[SourceQuality "1"]
[WhiteTeam "Italy"]
[BlackTeam "Bangladesh"]
[WhiteTeamCountry "ITA"]
[BlackTeamCountry "BAN"]
[TimeControl "40/5400+30:1800+30"]

1. e4 e5 2. Nf3 Nf6 3. Nxe5 d6 4. Nf3 Nxe4 5. c4 c6 6. Nc3 {[%emt 0:06:21] C42: Petroff Defence: 3 Nxe5 and unusual White 3rd moves.} Nxc3 7. dxc3 Be7 8. Bf4 {[%emt 0:05:00] White is slightly better.} O-O 9. Be2 Bf5 {[%emt 0:11:17] [#]} 10. O-O $146 ({Predecessor:} 10. Qd2 Qb6 11. O-O Rd8 12. Rfe1 d5 13. Bf1 Be4 14. Ng5 Bxg5 15. Bxg5 f6 16. c5 Qxc5 17. Bxf6 {1-0 (35) Liepold,S (2161)-Reimold,J (2046) Nuremberg 2012}) 10... Na6 11. Nd4 Bg6 12. Bg4 Nc5 13. Nf5 Bxf5 14. Bxf5 Ne6 15. Be3 {[%emt 0:10:56] A strong pair of Bishops.} g6 16. Bc2 Qc7 17. Qe2 Rfe8 18. Rad1 Bf8 19. Qg4 Bg7 20. Qg3 Rad8 21. Rd2 (21. Bxa7 $2 b6 22. Bxb6 Qxb6 $19) 21... b6 22. Rfd1 Be5 (22... f5 $14) 23. f4 $16 Bg7 24. f5 Be5 ({Black should play} 24... Nc5) 25. Qf3 Ng7 26. Bd4 (26. g4 $16) 26... c5 27. Bxe5 dxe5 28. f6 Ne6 29. Qe3 Rxd2 30. Rxd2 h5 (30... Rd8 $1 $11) 31. g3 $14 Kh7 32. Rd5 $36 {[%emt 0:00:08][%mdl 2048] White is really pushing.} Nf8 33. Qg5 $1 {[%emt 0:01:06] Threatens to win with Qxh5+.} Re6 34. Qxh5+ $1 Kg8 35. Qh4 {[%emt 0:01:34] Hoping for g4. 0x0.001e3cf66555dp-1022s more active pieces. White stays focused until the end.} Nh7 {[%emt 0:00:35] [#]} 36. Bxg6 $1 Nxf6 (36... fxg6 $2 37. Rd8+ $3 Qxd8 38. f7+ Kxf7 39. Qxd8 $18) 37. Bf5 Rd6 $2 (37... Nxd5 $16 38. cxd5 Rd6) 38. Qg5+ $18 Kf8 39. Qh6+ Kg8 {[%emt 0:00:01] [#]} 40. Bh7+ $1 Kh8 (40... Nxh7 41. Qxd6) 41. Bc2+ $2 (41. Bd3+ {mates} Kg8 42. Rxe5 $1 Rd5 43. Bh7+ Kh8 44. Qxf6+ Kxh7 45. Rxd5 Kg8 46. Rh5 Qxg3+ 47. hxg3 Kf8 48. Rh8#) 41... Kg8 42. Qg5+ ({Not} 42. Rxe5 Rd1+ 43. Bxd1 Qxe5 $18) 42... Kf8 43. Rxe5 {[%emt 0:00:00] White threatens Qh6+ and mate.} Ng8 {[%emt 0:00:00][%cal Bf6g8,Bg8e7,Be7c6,Bc6e5][%mdl 32] Against Qh6+} 44. Rd5 ({Don't take} 44. Bh7 Nh6 45. Bc2 Qd8 $18) 44... Ne7 45. Rxd6 ({Don't do} 45. Re5 Qd8 46. Qe3 Nc6 $18) 45... Qxd6 {[%emt 0:00:00][%mdl 4096] Endgame KQB-KQN} 46. Qf4 Qe6 47. Kf2 Nc6 48. Bd3 Ne5 49. Be2 Ke7 50. h4 f6 51. h5 Qh3 52. Ke3 Qh1 {[%emt 0:00:44] [#]} 53. h6 (53. Qf1 $1 $18 {[%cal Rf1h1] and the rest is easy.} Qh2 54. Qe1) 53... Qg1+ (53... Kf7 $16) 54. Kd2 Qb1 {[%emt 0:00:07] [#]} (54... Qh2 {is a better defense.} 55. Kd1 Kf7) 55. Bd1 $1 Qxa2 $2 (55... Qxb2+ $2 56. Bc2 $18) (55... Qd3+ 56. Kc1 Kf7) 56. h7 Qxb2+ 57. Bc2 Nf7 58. Qc7+ Kf8 59. Qb8+ Kg7 60. Qg8+ {[%emt 0:00:00] Weighted Error Value: White=0.23 (precise) /Black=0.49} 1-0